 Dungeon Crawl Stone Soup version 0.31-a0-210-gccc998df9b (webtiles) character file.

Game seed: 1678034434092659972

78 Anon1729 the Cutter (level 4, -2/34 HPs)
             Began as a Demonspawn Gladiator on June 29, 2023.
             Slain by a goblin
             ... wielding a +2 dagger of speed
             ... led by Robin
              (3 damage)
             ... on level 2 of the Dungeon.
             The game lasted 00:01:00 (2056 turns).

Anon1729 the Cutter (Demonspawn Gladiator)          Turns: 2056, Time: 00:01:01

Health: -2/34      AC:  6    Str: 14    XL:     4   Next: 15%
Magic:  5/5        EV: 13    Int:  9    God:
Gold:   142        SH:  0    Dex: 17    Spells: 3/3 levels left

rFire   . . .        a - +0 rapier
rCold   . . .        (no shield)
rNeg    . . .        b - +0 leather armour
rPois   .            c - +0 helmet
rElec   .            (no cloak)
rCorr   .            (no gloves)
SInv    .            j - +0 pair of boots
Will    .....        (no amulet)
Stlth   +            (no ring)
HPRegen 0.25/turn    (no ring)
MPRegen 0.09/turn

%: no passive effects
@: mighty
A: demonic guardian 1, sharp scales 1
a: no special abilities


You were on level 2 of the Dungeon.
You visited 1 branch of the dungeon, and saw 3 of its levels.

You collected 142 gold pieces.

Inventory:

Hand Weapons
 a - a +0 rapier (weapon)
Missiles
 d - 3 throwing nets (quivered)
 e - a javelin
Armour
 b - a +0 leather armour (worn)
 c - a +0 helmet (worn)
 j - a +0 pair of boots (worn)
Jewellery
 k - an amulet of regeneration
Scrolls
 h - a scroll of poison {unknown}
 i - a scroll of blinking {unknown}
 l - 2 scrolls of teleportation {unknown}
 o - a scroll of silence {unknown}
Potions
 g - a potion of attraction {unknown}
 m - a potion of brilliance {unknown}
 n - a potion of degeneration {unknown}
 p - a potion of heal wounds {unknown}


   Skills:
 + Level 2.6 Fighting
 + Level 3.1 Short Blades
 - Level 1.7 Throwing
 + Level 1.3 Armour
 + Level 3.1 Dodging
 + Level 2.0 Invocations


You had 3 spell levels left.
You didn't know any spells.
Your spell library was empty.

Dungeon Overview and Level Annotations

Branches:
Dungeon (3/15)

Altars:
Ru

Annotations:
D:3 Robin


Innate Abilities, Weirdness & Mutations

A weak demonic guardian rushes to your aid.
You are partially covered in razor-sharp scales. (AC +1, Slay +1)


Message History

The goblin hits you but does no damage.
You hit the jackal.
You kill the jackal!
The goblin hits you but does no damage.
Robin says, "Bow before me, strongest of all the hobgoblins!"
The goblin hits you but does no damage.
You hit the goblin but do no damage. The goblin hits you but does no damage.
The goblin hits you with a +0 dagger.
Robin roars a battlecry!
The goblins go into a battle-frenzy!
You hit the goblin.
You kill the goblin!
The goblin hits you but does no damage. The goblin closely misses you.
Your Invocations skill increases to level 2!
You closely miss the goblin. The goblin barely misses you.
The goblin closely misses you. x2
You barely miss the goblin. The goblin hits you but does no damage.
The goblin hits you with a +2 dagger of speed.
You closely miss the goblin.
The goblin hits you with a +2 dagger of speed.
The goblin hits you but does no damage. The goblin closely misses you.
You hit the goblin.
The goblin is severely wounded.
The goblin hits you with a +0 dagger.
The goblin hits you with a +2 dagger of speed!
* * * LOW HITPOINT WARNING * * *
You are too injured to fight recklessly!
The goblin completely misses you. The goblin hits you but does no damage.
Robin misses you.
The goblin hits you with a +2 dagger of speed.
* * * LOW HITPOINT WARNING * * *
A demonic guardian appears!
You climb upwards.
There is a stone staircase leading down here.
It was a potion of might.
You feel very mighty all of a sudden. The goblin hits you with a +0 dagger.
* * * LOW HITPOINT WARNING * * *
The goblin hits you with a +2 dagger of speed.
You die...

##.#.##.....# ###)
##.###.###.# #...
#####.# #.# #.##
#.....###.# #.#.
#.###.....#######...
#.###..........[###.
#.#.....#######.....
#.#g##### ###### ###
#.#@# #### ..# #.#g#
#... #.# #.#.# #.##
#.# #.#.# #.# #.#
#.#.# #.# #.# #.#.#
#.# #.# #.#.# #.#
#.############.#.#
#.#
#.#........(..[#<#
##.##


You could see 2 goblins.

Vanquished Creatures
  An adder (D:2)
  2 worms (D:2)
  A dart slug (D:2)
  8 bats
  5 endoplasms
  2 giant cockroaches (D:2)
  3 goblins
  5 hobgoblins
  6 jackals
  5 kobolds
  4 quokkas
  2 ball pythons
  4 rats
48 creatures vanquished.

Vanquished Creatures (collateral kills)
  A worm (D:2)
  A hobgoblin (D:3)
  A bat (D:1)
3 creatures vanquished.

Grand Total: 51 creatures vanquished

Notes
Turn   | Place    | Note
-------+----------+-------------------------------------------
     0 | D:1      | Anon1729 the Demonspawn Gladiator began the quest for the
                  | Orb.
     0 | D:1      | Reached XP level 1. HP: 16/16 MP: 1/1
   427 | D:1      | Gained mutation: A weak demonic guardian rushes to your
                  | aid. [demonic ancestry]
   427 | D:1      | Reached XP level 2. HP: 19/22 MP: 2/2
   541 | D:1      | Reached skill level 1 in Invocations
  1143 | D:2      | Gained mutation: You are partially covered in razor-sharp
                  | scales. (AC +1, Slay +1) [demonic ancestry]
  1143 | D:2      | Reached XP level 3. HP: 14/28 MP: 2/4
  1216 | D:2      | Found a sacrificial altar of Ru.
  1238 | D:2      | Reached skill level 1 in Armour
  1943 | D:3      | Noticed Robin
  1950 | D:3      | Reached XP level 4. HP: 18/34 MP: 5/5
  2056 | D:2      | HP: 1/34 [goblin/+0 dagger[Robin] (5)]
  2056 | D:2      | Slain by a goblin

Illustrated notes

Levels and vault maps discovered:
D:1:      amcnicky_arrival_wind_blow, layout_loops_corners,
          corexii_leaking_fountain
D:2:      layout_loops_ring, basic_altar
D:3:      layout_loops_ring, mainiacjoe_overflow_alcove_1,
          wander_ebering_terrifying_dragon_lair, uniq_robin, uniq_sigmund,
          uniq_natasha

Skill      XL: |  1  2  3  4 |
---------------+-------------+-----
Invocations    | 1 2 |  2.0
Dodging        | 3 |  3.1
Short Blades   | 3 |  3.1
Armour         | 1 |  1.3
Fighting       | |  2.6
Throwing       | |  1.7

Action                     |  1- 3 |  4- 6 || total
---------------------------+-------+-------++-------
  Melee: Rapier            |   160 |    17 ||   177
         Punch             |     2 |       ||     2
    Use: Potion            |       |     1 ||     1
   Stab: Sleeping          |     3 |       ||     3
 Armour: Leather armour    |    50 |    25 ||    75
  Dodge: Dodged            |    90 |    23 ||   113

Table legend: (Time is in decaauts)
 A = Elapsed time spent in this place.
 B = Non-inter-level travel time spent in this place.
 C = Inter-level travel time spent in this place.
 D = Time resting spent in this place.
 E = Time spent auto-exploring this place.
 F = Levels seen in this place.
 G = Mean time per level.
                   A        B        C        D        E       F      G
               +--------+--------+--------+--------+--------+-----+--------+
         Total |   2066 |   1942 |    124 |     72 |   1512 |   3 |  688.7 |
       Dungeon |   2066 |   1942 |    124 |     72 |   1512 |   3 |  688.7 |
               +--------+--------+--------+--------+--------+-----+--------+

Top non-repeatable levels by time:
     D:1: 1074 daAuts
     D:2: 946 daAuts
     D:3: 45 daAuts
